 Dungeon Crawl Stone Soup version 0.29.1-2-gbd0b4ee654 (webtiles) character file.

Game seed: 2975849846425588037

423 poopandmypants the Chopper (level 6, -1/56 HPs)
             Began as a Minotaur Berserker on Oct 28, 2022.
             Was a Priest of Trog.
             Slain by btbam's ghost (9 damage)
             ... on level 4 of the Dungeon.
             The game lasted 00:04:34 (2900 turns).

poopandmypants the Chopper (Minotaur Berserker)     Turns: 2900, Time: 00:04:35

Health: -1/56      AC: 11    Str: 23    XL:     6   Next: 63%
Magic:  5/5        EV: 11    Int:  4    God:    Trog [***...]
Gold:   149        SH:  0    Dex: 10    Spells: 5/5 levels left

rFire   x . .      SeeInvis .   s - +0 war axe
rCold   + . .      Faith    .   (no shield)
rNeg    . . .      Spirit   .   j - +0 ring mail
rPois   .          Reflect  .   (helmet restricted)
rElec   .          Harm     .   (no cloak)
rCorr   .          Rampage  .   (no gloves)
Will    .....                   e - +0 pair of boots
Stlth   +.........              (no amulet)
HPRegen 0.18/turn               c - ring of ice
MPRegen 0.09/turn               i - +4 ring of protection

@: no status effects
A: horns 2, retaliatory headbutt
a: Renounce Religion, Berserk, Trog's Hand


You were on level 4 of the Dungeon.
You worshipped Trog.
Trog was most pleased with you.
You visited 1 branch of the dungeon, and saw 4 of its levels.

You collected 149 gold pieces.

Inventory:

Hand Weapons
 a - a +0 hand axe
 s - a +0 war axe (weapon)
Armour
 b - a +0 animal skin
 e - a +0 pair of boots (worn)
 j - a +0 ring mail (worn)
Jewellery
 c - a ring of ice (left hand)
 f - a ring of ice
 i - a +4 ring of protection (right hand)
Scrolls
 d - a scroll of poison {unknown}
 h - 6 scrolls of identify {unknown}
 l - 2 scrolls of enchant weapon {unknown}
 n - a scroll of fog {unknown}
 q - 3 scrolls of fear {unknown}
 u - a scroll of enchant armour {unknown}
 v - a scroll of silence {unknown}
Potions
 g - a potion of lignification {unknown}
 k - a potion of haste {unknown}
 m - a potion of heal wounds {unknown}
 o - a potion of resistance {unknown}
 p - 2 potions of brilliance {unknown}
 r - 2 potions of degeneration {unknown}
 t - 2 potions of curing {unknown}


   Skills:
 * Level 5.1 Fighting
 * Level 6.8 Axes
 * Level 4.6 Armour
 + Level 2.7 Dodging
 + Level 0.4 Stealth


You had 5 spell levels left.
You didn't know any spells.
Your spell library was empty.

Dungeon Overview and Level Annotations

Branches:
Dungeon (4/15)
 Temple: D:4-7

Altars:

Shops:
D:2 =

Annotations:
D:4 btbam's ghost, amateur MiFi


Innate Abilities, Weirdness & Mutations

You have a pair of horns on your head.
You reflexively headbutt those who attack you in melee.


Message History

You furiously retaliate!
You headbutt btbam's ghost, but do no damage.
Btbam's ghost hits you but does no damage.
Btbam's ghost misses you. Btbam's ghost attacks as you move away!
Btbam's ghost barely misses you. You furiously retaliate!
You headbutt btbam's ghost. You hit btbam's ghost but do no damage.
You headbutt btbam's ghost!
Btbam's ghost is heavily damaged.
Btbam's ghost closely misses you. You furiously retaliate!
You headbutt btbam's ghost, but do no damage.
Btbam's ghost hits you!
You closely miss btbam's ghost.
Btbam's ghost is heavily damaged.
Btbam's ghost hits you but does no damage.
You hit btbam's ghost. Your punch misses btbam's ghost.
Btbam's ghost is severely damaged.
Btbam's ghost hits you.
You slash btbam's ghost!
Btbam's ghost is almost destroyed.
Btbam's ghost hits you!
You closely miss btbam's ghost.
You headbutt btbam's ghost, but do no damage.
Btbam's ghost is almost destroyed.
Btbam's ghost hits you!
* * * LOW HITPOINT WARNING * * *
You closely miss btbam's ghost.
Btbam's ghost is almost destroyed.
Btbam's ghost hits you but does no damage.
You barely miss btbam's ghost.
Btbam's ghost is almost destroyed.
Btbam's ghost barely misses you.
You closely miss btbam's ghost.
Btbam's ghost is almost destroyed.
Btbam's ghost hits you.
* * * LOW HITPOINT WARNING * * *
Btbam's ghost completely misses you.
You barely miss btbam's ghost.
Btbam's ghost is almost destroyed.
Btbam's ghost hits you!
You die...

......######.....#....##....#####
.....##...##.....#....##..†.#
...)..'....#.....#....#.....#
......#....#.....#....#.....#
......#....#.....#....#.....#
.....##....#.....#....#.....#####
#######...##.....#....#.....'....
.....##...##....W#....#.....#....
................@#....##...>##...
.................#....#####+##...
...............<.#.....#.....#...
.......####''#####.....+.....#...
..)..####.≈.~.~.##.....#....##...
<....###~.8.#..###....##....##...
......##.#..~~.# #....##....##...
......###.~$..#.##..........#....
......# ###.#≈####..........#....


You could see btbam's ghost.

Vanquished Creatures
  A black bear (D:4)
  A phantom (D:4)
  2 hounds (D:4)
  Terence (D:3)
  An iguana (D:4)
  6 adders
  2 dart slugs
  8 endoplasms
  3 giant cockroaches
  9 goblins
  4 hobgoblins
  9 jackals
  4 quokkas
  12 ball pythons
  4 bats
  4 frilled lizards
  12 kobolds
  7 rats
90 creatures vanquished.

Notes
Turn   | Place    | Note
-------+----------+-------------------------------------------
     0 | D:1      | poopandmypants the Minotaur Berserker began the quest for
                  | the Orb.
     0 | D:1      | Reached XP level 1. HP: 19/19 MP: 0/0
   203 | D:1      | Reached XP level 2. HP: 27/27 MP: 1/1
   282 | D:1      | Reached skill level 4 in Axes
   610 | D:1      | Reached ** piety under Trog
   783 | D:2      | Reached XP level 3. HP: 33/34 MP: 2/2
   914 | D:2      | Found Veffur's Jewellery Shop.
  1110 | D:2      | Reached skill level 5 in Axes
  1166 | D:2      | Reached XP level 4. HP: 41/41 MP: 3/3
  1335 | D:2      | Found a faded altar of an unknown god.
  1924 | D:3      | Noticed Terence
  1930 | D:3      | Killed Terence
  2041 | D:4      | Noticed btbam's ghost (amateur MiFi)
  2041 | D:4      | Found a large runed translucent door.
  2041 | D:4      | Found a large runed translucent door.
  2053 | D:4      | Noticed a phantom
  2068 | D:4      | Killed a phantom
  2069 | D:4      | Reached XP level 5. HP: 47/47 MP: 4/4
  2073 | D:4      | Reached skill level 6 in Axes
  2233 | D:4      | Reached skill level 5 in Fighting
  2233 | D:4      | Reached XP level 6. HP: 56/56 MP: 5/5
  2371 | D:4      | Reached *** piety under Trog
  2900 | D:4      | Slain by btbam's ghost

Illustrated notes

Levels and vault maps discovered:
D:1:      scummos_arrival_star, layout_loops_ring
D:2:      layout_loops_ring, serial_shops, nicolae_square_shop,
          hellmonk_ecumenical_altar_prayer_group, hangedman_decor_growths
D:3:      layout_rooms, chequers_serial_rivers_micro_a, feat_on_display,
          uniq_terence
D:4:      layout_gridville, ebering_ghost_disaster_area

Skill      XL: |  1  2  3  4  5 |
---------------+----------------+-----
Fighting       | 4 5 |  5.1
Axes           | 4 5 6 |  6.8
Armour         | 3 4 |  4.6
Dodging        | |  2.7
Stealth        | |  0.4

Action                   |  1- 3 |  4- 6 || total
-------------------------+-------+-------++-------
Melee: Hand axe          |    72 |    40 ||   112
       Headbutt          |     8 |    18 ||    26
       War axe           |       |    74 ||    74
Invok: Berserk           |       |     1 ||     1
Armor: Animal skin       |     3 |       ||     3
       Ring mail         |    22 |    72 ||    94
Dodge: Dodged            |    43 |    70 ||   113
